 Dungeon Crawl Stone Soup version 0.29.1-15-g9cfb28693d (webtiles) character file.

Game seed: 11592152705251122131

2935 Peloso the Carver (level 9, -4/80 HPs)
             Began as a Minotaur Fighter on Feb 26, 2023.
             Was a Priest of Okawaru.
             Succumbed to an orc wizard's poison
             ... on level 7 of the Dungeon.
             The game lasted 00:15:25 (9238 turns).

Peloso the Carver (Minotaur Fighter)                Turns: 9238, Time: 00:15:27

Health: -4/80      AC: 16    Str: 24    XL:     9   Next: 51%
Magic:  9/9        EV:  7    Int:  5    God:    Okawaru [***...]
Gold:   335        SH:  9    Dex: 11    Spells: 8/8 levels left

rFire   . . .      SeeInvis .   a - +0 long sword
rCold   . . .      Faith    .   d - +0 kite shield
rNeg    . . .      Spirit   .   w - +0 chain mail
rPois   .          Reflect  .   (helmet restricted)
rElec   .          Harm     .   (no cloak)
rCorr   .          Rampage  .   (no gloves)
Will    .....                   c - +0 pair of boots
Stlth   ..........              (no amulet)
HPRegen 0.23/turn               h - ring of flight
MPRegen 0.11/turn               n - +4 ring of protection

@: lethally poisoned (-4 -> -20), flying
A: horns 2, retaliatory headbutt
a: Renounce Religion, Heroism


You were on level 7 of the Dungeon.
You worshipped Okawaru.
Okawaru was most pleased with you.
You visited 2 branches of the dungeon, and saw 9 of its levels.

You collected 348 gold pieces.
You spent 13 gold pieces at shops.

Inventory:

Hand Weapons
 a - a +0 long sword (weapon)
 b - a +0 spear of flaming
Missiles
 v - a throwing net (quivered)
Armour
 c - a +0 pair of boots (worn)
 d - a +0 kite shield (worn)
 w - a +0 chain mail (worn)
Jewellery
 h - a ring of flight (left hand)
 n - a +4 ring of protection (right hand)
 y - a ring of fire
Wands
 p - a wand of paralysis (12)
 u - a wand of digging (8)
 C - a wand of polymorph (8)
 F - a wand of flame (39)
 G - a wand of roots (9)
Scrolls
 e - 2 scrolls of teleportation
 f - 2 scrolls of magic mapping
 k - a scroll of amnesia
 o - 6 scrolls of identify
 r - 3 scrolls of noise
 s - 4 scrolls of enchant weapon {unknown}
 x - a scroll of blinking {unknown}
 B - a scroll of brand weapon {unknown}
 D - a scroll of immolation {unknown}
 H - 2 scrolls of enchant armour {unknown}
 J - 2 scrolls of vulnerability {unknown}
Potions
 g - 2 potions of mutation
 i - 2 potions of lignification {unknown}
 j - a potion of might
 l - a potion of berserk rage {unknown}
 m - a potion of haste {unknown}
 q - a potion of flight {unknown}
 t - a potion of invisibility {unknown}
 z - a potion of curing
 A - 2 potions of brilliance {unknown}
 E - a potion of attraction {unknown}
 I - a potion of magic {unknown}


   Skills:
 + Level 7.7 Fighting
 + Level 9.9 Long Blades
 + Level 9.0 Armour
 + Level 2.0 Dodging
 + Level 1.8 Stealth
 + Level 6.0 Shields
 + Level 1.8 Invocations


You had 8 spell levels left.
You didn't know any spells.
Your spell library contained the following spells:

 Spells                   Type           Power      Damage    Failure   Level
 Magic Dart               Conj           0%         1d3       100%        1
 Slow                     Hex            0%         N/A       100%        1
 Searing Ray              Conj           0%         2d4       100%        2
 Sublimation of Blood     Necr           0%         N/A       100%        2
 Wereblood                Tmut           0%         N/A       100%        2
 Confusing Touch          Hex            0%         N/A       100%        3
 Gell's Gravitas          Tloc           0%         N/A       100%        3
 Teleport Other           Tloc           0%         N/A       100%        3
 Vampiric Draining        Necr           0%         2d6       100%        3
 Fulminant Prism          Conj/Hex       0%         3d6       100%        4
 Dispersal                Tloc           0%         N/A       100%        6
 Summon Hydra             Summ           Unusable   N/A       N/A         7

Dungeon Overview and Level Annotations

Branches:
Dungeon (8/15)             Temple (1/1) D:5
   Lair: D:8-11

Altars:
Ashenzari
Dithmenos
Fedhas
Gozag
Hepliaklqana
Makhleb
Nemelex Xobeh
Okawaru
Qazlal
Ru
Sif Muna
Trog
Uskayaw
Vehumet
Wu Jian
Xom
Yredelemnul
Zin

Shops:
D:6 ?

Annotations:
D:7 3 runed translucent doors, MinkTDR's ghost, novice KoEn


Innate Abilities, Weirdness & Mutations

You have a pair of horns on your head.
You reflexively headbutt those who attack you in melee.


Message History

You hit the orc priest but do no damage.
The orc priest is severely wounded.
You feel very sick.
The orc priest looks satisfied for a moment.
The orc wizard hits you but does no damage.
You are lethally poisoned!
You barely miss the orc priest.
The orc priest is severely wounded.
* * * LOW HITPOINT WARNING * * *
You feel very sick. You block the orc priest's attack.
The orc wizard barely misses you.
Unknown command.
Unknown command.
The yak bellows!
You hit the orc priest. You headbutt the orc priest.
You kill the orc priest!
Okawaru accepts your kill.
* * * LOW HITPOINT WARNING * * *
You feel very sick.
The orc wizard hits you but does no damage.
You are more poisoned.
Your Armour skill increases to level 9!
Unknown command.
* * * LOW HITPOINT WARNING * * *
You feel very sick. The orc wizard barely misses you.
Things that are here:
a +0 club; a +0 leather armour; an orc corpse
* * * LOW HITPOINT WARNING * * *
You feel very sick.
The orc wizard hits you but does no damage.
There is a stone staircase leading up, spattered with blood here.
* * * LOW HITPOINT WARNING * * *
You feel very sick.
The orc wizard hits you with a +0 dagger of venom.
* * * LOW HITPOINT WARNING * * *
You are more poisoned.
You fly upwards.
Level annotation: 3 runed translucent doors, MinkTDR's ghost, novice KoEn You die...

###############
###.............#
#@#.............#
#o[.............#
####.[#..############
#.....##.............
#.##...##############
#..#...##### ##..#.......#
#....######.#########
#########....##.............#


You could see an orc wizard.

Vanquished Creatures
  A hornet (D:8)
  Sigmund (D:4)
  5 yaks
  A water moccasin (D:7)
  2 black bears (D:5)
  An ogre (D:7)
  3 bullfrogs
  A necrophage (D:7)
  3 scorpions (D:5)
  6 killer bees (D:7)
  A gnoll bouda (D:5)
  3 jellies
  5 orc priests
  A hound (D:6)
  4 iguanas
  6 orc wizards
  12 gnolls
  7 adders
  5 worms
  19 orcs
  7 endoplasms
  2 giant cockroaches (D:3)
  4 goblins
  8 hobgoblins
  5 jackals (D:3)
  4 kobolds
  3 quokkas
  4 ball pythons
  2 bats
  2 frilled lizards (D:2)
  4 rats
132 creatures vanquished.

Notes
Turn   | Place    | Note
-------+----------+-------------------------------------------
     0 | D:1      | Peloso the Minotaur Fighter began the quest for the Orb.
     0 | D:1      | Reached XP level 1. HP: 19/19 MP: 0/0
   571 | D:1      | Reached XP level 2. HP: 27/27 MP: 1/1
   825 | D:1      | Found a faded altar of an unknown god.
  1466 | D:2      | Reached XP level 3. HP: 33/33 MP: 2/2
  1857 | D:3      | Found a shimmering altar of Xom.
  2060 | D:3      | Reached XP level 4. HP: 35/40 MP: 3/3
  2230 | D:3      | Reached skill level 5 in Armour
  3274 | D:4      | HP: 2/40 [orc priest/divine providence (11)]
  3277 | D:4      | Reached skill level 1 in Stealth
  3277 | D:4      | Reached XP level 5. HP: 14/46 MP: 4/4
  3761 | D:4      | Noticed Sigmund
  3779 | D:5      | Entered Level 5 of the Dungeon
  3995 | D:5      | Noticed a black bear
  4007 | D:5      | Found a staircase to the Ecumenical Temple.
  4017 | Temple   | Entered the Ecumenical Temple
  4106 | Temple   | Became a worshipper of Warmaster Okawaru
  4232 | D:5      | Reached skill level 5 in Long Blades
  4232 | D:5      | Reached XP level 6. HP: 30/53 MP: 5/5
  4820 | D:5      | Reached * piety under Okawaru
  4872 | D:5      | Reached skill level 1 in Dodging
  4874 | D:5      | Reached XP level 7. HP: 51/60 MP: 6/6
  4884 | D:5      | Reached skill level 5 in Fighting
  5422 | D:5      | Found an ornate altar of the Wu Jian Council.
  5603 | D:6      | Noticed a yak
  5603 | D:6      | Noticed a yak
  5612 | D:6      | Noticed a yak
  5622 | D:5      | Killed a yak
  5755 | D:6      | Noticed a yak
  5756 | D:6      | Noticed a yak
  5767 | D:5      | Killed a yak
  5767 | D:5      | Reached ** piety under Okawaru
  5768 | D:5      | Reached skill level 5 in Shields
  5768 | D:5      | Reached XP level 8. HP: 66/70 MP: 4/7
  5908 | D:6      | Found Velear's Magic Scroll Shop.
  5942 | D:6      | Bought a scroll of noise for 13 gold pieces
  6555 | D:4      | Killed Sigmund
  6556 | D:4      | Reached skill level 1 in Invocations
  7093 | D:7      | Found a runed translucent gate.
  7098 | D:7      | Reached *** piety under Okawaru
  7099 | D:7      | Reached XP level 9. HP: 77/78 MP: 8/8
  7103 | D:7      | Found a runed translucent gate.
  7104 | D:7      | Found a runed translucent gate.
  7105 | D:7      | Noticed MinkTDR's ghost (novice KoEn)
  7107 | D:7      | Noticed a troll
  7311 | D:7      | You are sucked into a shaft and drop 1 floor!
  7311 | D:8      | Found a sacrificial altar of Ru.
  9237 | D:8      | HP: 3/80 [poisoned by an orc wizard]
  9238 | D:7      | Succumbed to an orc wizard's poison

Illustrated notes

Levels and vault maps discovered:
D:1:      sevenhm_arrival_forest_fort_small_3, layout_basic,
          ebering_ecumenical_altar_ruins
D:2:      minmay_alternating_diamond, layout_basic, nrook_uturn,
          minmay_pentomino_q4
D:3:      layout_basic, lemuel_crystal_altar
D:4:      layout_rooms, sigmund_army
D:5:      minmay_skewed_foursquare, layout_rooms, nzn_wu_jian_contemplation
D:6:      layout_cave_pools, serial_shops, shop, minmay_misc_feat_enclosed
D:7:      layout_basic, gammafunk_ghost_split
D:8:      layout_cave_pools, mainiacjoe_overflow_boulevard
Temple:   regret_index_temple_chain_breaker

Skill      XL: |  1  2  3  4  5  6  7  8  9 |
---------------+----------------------------+-----
Fighting       | 4 5 6 7 |  7.7
Armour         | 4 5 6 7 9 |  9.0
Long Blades    | 3 4 5 7 9 |  9.9
Shields        | 4 5 6 |  6.0
Stealth        | 1 |  1.8
Dodging        | 1 2 |  2.0
Invocations    | 1 |  1.8

Action                   |  1- 3 |  4- 6 |  7- 9 || total
-------------------------+-------+-------+-------++-------
Melee: Long sword        |    75 |   138 |   273 ||   486
       Headbutt          |     6 |    29 |    53 ||    88
Invok: Heroism           |       |       |    11 ||    11
  Use: Scroll            |     2 |     4 |     1 ||     7
       Potion            |       |     1 |     3 ||     4
Armor: Scale mail        |    24 |       |       ||    24
       Chain mail        |       |    87 |   208 ||   295
Dodge: Dodged            |    52 |    68 |    74 ||   194
Block: Buckler           |    10 |    35 |    33 ||    78
       Kite shield       |       |       |    81 ||    81
